 Dungeon Crawl Stone Soup version 0.28-a0-401-ge240ad9e29 (webtiles) character file.

Game seed: 8544826557421453021

32 SkeletonJelly the Skirmisher (level 3, -1/31 HPs)
             Began as a Djinni Cinder Acolyte on Sept 5, 2021.
             Was a High Priest of Ignis.
             Frozen to death by an endoplasm (6 damage)
             ... on level 1 of the Dungeon.
             The game lasted 00:03:38 (1801 turns).

SkeletonJelly the Skirmisher (DjCA)                 Turns: 1801, Time: 00:03:38

Health: -1/31      AC:  2    Str: 13    XL:     3   Next: 45%
Gold:   27         EV: 11    Int: 16    God:    Ignis [*****.] SH:  0 Dex:  8

rFire   + + +      SeeInvis .   a - -1 falchion (flame)
rCold   x . .      Faith    .   (no shield)
rNeg    . . .      Spirit   .   b - +0 robe
rPois   ∞          Reflect  .   (no helmet)
rElec   .          Harm     .   (no cloak)
rCorr   .          Rampage  .   (no gloves)
Will    .....                   (boots unavailable)
Stlth   +.........              (no amulet)
HPRegen 0.10/turn               (no ring)
MPRegen 0.00/turn               (no ring)

@: flying, very slightly contaminated
A: sickness immunity, fire resistance 2, cold vulnerability 1, float, innate
caster, hp casting, extra vitality 1
a: Renounce Religion, Sea of Fire, Foxfire Swarm, Rising Flame


You were on level 1 of the Dungeon.
You worshipped Ignis.
Ignis was extremely pleased with you.
You visited 1 branch of the dungeon, and saw 2 of its levels.

You collected 27 gold pieces.

Inventory:

Hand Weapons
 a - a -1 falchion of flaming (weapon)
 k - a +1 short sword of speed
Armour
 b - a +0 robe (worn)
Scrolls
 e - 3 scrolls of fear {unknown}
 f - a scroll of summoning {unknown}
 g - a scroll of vulnerability {unknown}
 i - a scroll of teleportation {unknown}
Potions
 c - 2 potions of heal wounds {unknown}
 d - a potion of curing {unknown}
 h - a potion of mutation {unknown}
 j - a potion of haste {unknown}


   Skills:
 + Level 4.3 Fighting
 - Level 2.6 Long Blades
 - Level 2.4 Spellcasting


You had 3 spell levels left.
You knew the following spells:

 Your Spells              Type           Power      Damage    Failure   Level
a - Scorch                Fire           18%        2d5       11%         2
b - Animate Skeleton      Necr           18%        N/A       8%          1
Your spell library was empty.

Dungeon Overview and Level Annotations

Branches:
Dungeon (2/15)

Altars:
Elyvilon


Innate Abilities, Weirdness & Mutations

You are immune to sickness and miasma.
You are immune to poison.
Your flesh is very heat resistant. (rF++)
You are vulnerable to cold. (rC-)
You float through the air rather than walking.
You learn spells naturally, not from books.
Your magical power is your life essence.
You have superior vitality. (+4 HP)


Message History

Found a white marble altar of Elyvilon.
You see here a +1 short sword of speed.
k - a +1 short sword of speed An endoplasm comes into view. 3 jackals and a dart slug come into view.
The endoplasm quivers.
The jackal barks! x3; You hear an angry hiss.
A hobgoblin comes into view.
The jackal barely misses you. The jackal bites you.
You take 2 damage, and have 29/31 hp.
The jackal closely misses you. x2
The jackal misses you. The jackal barely misses you.
The jackal closely misses you. x2
The jackal bites you.
There is a stone staircase leading up here.
You take 2 damage, and have 28/31 hp.
The jackal closely misses you. x2; The jackal bites you.
You fly upwards.
There is a stone staircase leading down here.
You take 1 damage, and have 27/31 hp.
Flames lash the jackal.
You kill the jackal!
The jackal barely misses you.
You take 2 damage, and have 25/31 hp.
Flames lash the jackal.
The jackal is almost dead.
The jackal's fire resistance burns away.
The jackal closely misses you. The jackal barely misses you.
You take 1 damage, and have 24/31 hp.
Flames lash the jackal.
The jackal is burned terribly!
You kill the jackal!
You take 2 damage, and have 22/31 hp.
You can't see any susceptible monsters within range! (Use Z to cast anyway.)
You can't see any susceptible monsters within range! (Use Z to cast anyway.)
You can't see any susceptible monsters within range! (Use Z to cast anyway.)
You can't see any susceptible monsters within range! (Use Z to cast anyway.) HP restored.
Done exploring.
Health restored: 31 You fly downwards.
The jackal barely misses you. The jackal bites you.
There is a stone staircase leading up here.
You take 2 damage, and have 29/31 hp.
The jackal barely misses you. The jackal bites you.
You fly upwards.
There is a stone staircase leading down here.
You take 2 damage, and have 27/31 hp.
Flames lash the jackal.
You kill the jackal!
You take 2 damage, and have 25/31 hp.
You can't see any susceptible monsters within range! (Use Z to cast anyway.)
You can't see any susceptible monsters within range! (Use Z to cast anyway.)
You can't see any susceptible monsters within range! (Use Z to cast anyway.)
You can't see any susceptible monsters within range! (Use Z to cast anyway.) HP restored.
Things that are here:
a jackal corpse; a jackal corpse; Health restored: 31
There is a stone staircase leading down here.
You fly downwards.
There is a stone staircase leading up here.
The endoplasm freezes you.
You are frozen.
You feel a terrible chill! The hobgoblin hits you.
You fly upwards.
There is a stone staircase leading down here.
You take 8 damage, and have 23/31 hp.
MASSIVE DAMAGE!!
Flames lash the hobgoblin.
The hobgoblin is almost dead.
The hobgoblin's fire resistance burns away.
The endoplasm freezes you.
You are frozen!
You feel a terrible chill! The hobgoblin hits you.
You are too injured to fight recklessly!
You take 11 damage, and have 12/31 hp.
MASSIVE DAMAGE!!
You are too injured to fight recklessly!
You are too injured to fight recklessly!
You are too injured to fight recklessly!
You are too injured to fight recklessly!
You are too injured to fight recklessly!
You are too injured to fight recklessly!
Casting: Scorch (safe; 11% risk of failure)
Confirm with . or Enter, or press ? or * to list all spells.
You miscast Scorch.
You are very lightly contaminated with residual magic.
Nothing appears to happen.
The endoplasm freezes you.
You are frozen.
You feel a terrible chill!
* * * LOW HITPOINT WARNING * * *
The hobgoblin closely misses you.
You take 6 damage, and have 6/31 hp.
Casting: Scorch (safe; 11% risk of failure)
Confirm with . or Enter, or press ? or * to list all spells.
Flames lash the hobgoblin.
The hobgoblin is burned terribly!
You kill the hobgoblin!
* * * LOW HITPOINT WARNING * * *
The endoplasm closely misses you.
You take 1 damage, and have 5/31 hp.
You hit the endoplasm but do no damage. The endoplasm freezes you.
You are frozen.
You feel a terrible chill!
You die...

###.......#.#.......## #
#.......#.#..........####
#.###................'...
#.# #................####
#.###..######.......## #
#.....## ##.....## #
###.### ##...## # #.#
#########'######## #.#
#@J.......#...).## #.#
#†######..#.###.## #.#
#.# ####..#.###.## #.#
#.###.........#.##
#.####.##........#.#.##
#......).............##
######.........#.....##
#####.######...... ###
#######


You could see an endoplasm.

Vanquished Creatures
  A dart slug (D:1)
  3 endoplasms (D:1)
  2 giant cockroaches (D:1)
  2 goblins (D:1)
  5 hobgoblins
  3 jackals (D:1)
  A ball python (D:1)
  2 bats (D:1)
  2 frilled lizards (D:1)
  4 kobolds
  2 rats (D:1)
27 creatures vanquished.

Notes
Turn   | Place    | Note
-------+----------+-------------------------------------------
     0 | D:1      | SkeletonJelly the Djinni Cinder Acolyte began the quest for
                  | the Orb.
     0 | D:1      | Reached XP level 1. HP: 20/20 MP: 0/0
   438 | D:1      | Reached XP level 2. HP: 21/25 MP: 0/0
  1191 | D:1      | Reached skill level 4 in Fighting
  1191 | D:1      | Reached XP level 3. HP: 26/31 MP: 0/0
  1191 | D:1      | Learned a level 1 spell: Animate Skeleton
  1607 | D:2      | Found a white marble altar of Elyvilon.
  1801 | D:1      | Frozen to death by an endoplasm

Illustrated notes

Levels and vault maps discovered:
D:1:      ebering_trefoil_twist, layout_loops_corners, nrook_mini_backslash
D:2:      layout_rooms, basic_altar, shapermc_ecumenical_altar_mp_ritualfount

Skill      XL: |  1  2 |
---------------+-------+-----
Fighting       | 4 |  4.3
Long Blades    | |  2.6
Spellcasting   | |  2.4

Action                   || total
-------------------------++-------
Melee: Falchion          ||    53
 Cast: Scorch            ||    11
 Stab: Sleeping          ||     1
Armor: Robe              ||     6
Dodge: Dodged            ||    47

Table legend: (Time is in decaauts)
 A = Elapsed time spent in this place.
 B = Non-inter-level travel time spent in this place.
 C = Inter-level travel time spent in this place.
 D = Time resting spent in this place.
 E = Time spent auto-exploring this place.
 F = Levels seen in this place.
 G = Mean time per level.
                   A        B        C        D        E       F      G
               +--------+--------+--------+--------+--------+-----+--------+
         Total |   1812 |   1749 |     63 |      0 |   1530 |   2 |  906.0 |
       Dungeon |   1812 |   1749 |     63 |      0 |   1530 |   2 |  906.0 |
               +--------+--------+--------+--------+--------+-----+--------+

Top non-repeatable levels by time:
     D:1: 1710 daAuts
     D:2: 102 daAuts
